 Dungeon Crawl Stone Soup version 0.29-a0-8-g0446c0dae4 (webtiles) character file.

Game seed: 14845084750332975843

2646 croobank the Firebug (level 9, -12/55 HPs)
             Began as a Black Draconian Fire Elementalist on Jan 27, 2022.
             Was a Priest of Hepliaklqana.
             Mangled by a two-headed ogre (27 damage)
             ... on level 9 of the Dungeon.
             The game lasted 00:37:06 (9899 turns).

croobank the Firebug (DrFE)                         Turns: 9899, Time: 00:37:06

Health: -12/55     AC:  8    Str: 12    XL:     9   Next: 36%
Magic:  21/25      EV: 14    Int: 25    God:    Hepliaklqana [***...]
Gold:   370        SH:  0    Dex: 14    Spells: 8/18 levels left

rFire   + . .      SeeInvis .   a - +7 spear "Paesa" {vorpal, rF+ Dex+3}
rCold   . . .      Faith    .   (no shield)
rNeg    . . .      Spirit   .   (armour unavailable)
rPois   .          Reflect  .   (helmet restricted)
rElec   +          Harm     .   (no cloak)
rCorr   .          Rampage  .   F - +0 pair of gloves
Will    .....                   (no boots)
Stlth   +++.......              N - amulet of regeneration
HPRegen 0.98/turn               g - +6 ring of intelligence
MPRegen 0.19/turn               h - ring of magical power

@: short of breath
A: reduced essence, breathe lightning, AC +7, unfitting armour, electricity
resistance, cold-blooded
a: Breathe Lightning, Renounce Religion, Recall Ancestor, Ancestor Identity,
Transference


You were on level 9 of the Dungeon.
You worshipped Hepliaklqana.
Hepliaklqana was most pleased with you.
You visited 1 branch of the dungeon, and saw 9 of its levels.
You also visited: Ossuary.

You collected 370 gold pieces.

Inventory:

Hand Weapons
 a - the +7 spear "Paesa" (weapon) {vorpal, rF+ Dex+3}
   (You found it on level 8 of the Dungeon)

   It inflicts extra damage upon your enemies.
   Dex:       It affects your dexterity (+3).
   rF:        It protects you from fire.
 b - a +0 shortbow
 i - a +0 hand axe
 r - a +0 trident
 x - a +0 broad axe
 z - a +0 short sword
 G - a +2 hand axe of electrocution
 V - a +0 morningstar of flaming
Missiles
 c - 340 stones
 d - 11 curare-tipped darts (quivered)
 f - 15 sling bullets
 j - 103 arrows
 k - 7 boomerangs
 K - 21 bolts
Armour
 F - a +0 pair of gloves (worn)
Magical Staves
 S - a staff of earth
 T - a staff of poison
Jewellery
 g - a +6 ring of intelligence (left hand)
 h - a ring of magical power (right hand)
 t - a ring of resist corrosion
 y - a ring of protection from fire
 E - a +6 ring of strength
 N - an amulet of regeneration (around neck)
 W - an amulet of magic regeneration
Wands
 u - a wand of iceblast (8)
 J - a wand of acid (7)
Scrolls
 e - 4 scrolls of teleportation
 q - a scroll of blinking
 A - a scroll of torment
 B - 2 scrolls of immolation
 H - 3 scrolls of fear
 I - 4 scrolls of vulnerability
 L - 3 scrolls of enchant weapon {unknown}
 O - a scroll of holy word {unknown}
 Q - 2 scrolls of amnesia
 R - a scroll of magic mapping {unknown}
 U - a scroll of fog {unknown}
Potions
 l - 2 potions of heal wounds
 m - a potion of magic
 n - 2 potions of curing
 o - 2 potions of flight
 p - 3 potions of invisibility
 s - 2 potions of attraction
 v - a potion of berserk rage {unknown}
 w - 2 potions of haste {unknown}
 C - a potion of ambrosia {unknown}
 D - 3 potions of mutation {unknown}
 M - a potion of cancellation {unknown}
 P - a potion of brilliance {unknown}


   Skills:
 - Level 3.7 Maces & Flails
 + Level 0.0 Polearms
 + Level 5.1 Dodging
 + Level 5.6 Stealth
 + Level 5.3 Spellcasting
 + Level 5.4 Conjurations
 + Level 6.2 Fire Magic


You had 8 spell levels left.
You knew the following spells:

 Your Spells              Type           Power      Damage    Failure   Level
a - Foxfire               Conj/Fire      100%       2x1d9     1%          1
b - Scorch                Fire           76%        2d9       1%          2
c - Flame Wave            Conj/Fire      35%        2d8       7%          4
d - Frozen Ramparts       Ice            12%        1d3       24%         3

Your spell library contained the following spells:

 Spells                   Type           Power      Damage    Failure   Level
 Conjure Flame            Conj/Fire      35%        6-21      2%          3
 Inner Flame              Hex/Fire       22%        N/A       7%          3
 Freeze                   Ice            24%        1d5       9%          1
 Ensorcelled Hibernation  Hex/Ice        12%        N/A       12%         2
 Call Canine Familiar     Summ           6%         N/A       24%         3
 Portal Projectile        Hex/Tloc       12%        N/A       24%         3
 Spider Form              Tmut/Pois      6%         N/A       24%         3
 Hailstorm                Conj/Ice       20%        3d6       26%         4
 Anguish                  Hex/Necr       3%         N/A       63%         4
 Ice Form                 Ice/Tmut       6%         N/A       63%         4
 Leda's Liquefaction      Hex/Erth       3%         N/A       63%         4
 Summon Ice Beast         Ice/Summ       6%         N/A       63%         4


Dungeon Overview and Level Annotations

Branches:
Dungeon (9/15)             Temple (0/1) D:6         Ossuary (visited)
   Lair: D:8-11         Orc: D:9-12

Altars:
Ashenzari
Cheibriados
Hepliaklqana
Nemelex Xobeh
Okawaru
Sif Muna
Trog
Xom
Zin
The Shining One


Innate Abilities, Weirdness & Mutations

Your life essence is reduced to manifest your ancestor. (-10% HP)
You can breathe wild blasts of lightning.
Your glossy black scales are hard. (AC +7)
You cannot fit into any form of body armour.
You are resistant to electric shocks. (rElec)
You are cold-blooded and may be slowed by cold attacks.


Message History

The two-headed ogre is moderately wounded.
Activating: Breathe Lightning (4% risk of failure)
Press: ? - help, Dir - look around, f - activate You breathe a wild blast of lightning!
The orb of electricity explodes!
The orb of electricity engulfs the two-headed ogre!
The two-headed ogre is heavily wounded.
The orb of electricity engulfs you but does no damage.
You resist.
You hear a mighty clap of thunder!
The bolt of lightning misses you.
The bolt of lightning hits the two-headed ogre.
The two-headed ogre is severely wounded.
You hear a mighty clap of thunder!
The bolt of lightning hits the two-headed ogre.
The two-headed ogre is severely wounded.
You hear a mighty clap of thunder!
You hear a shout! x8; You hear a bellow!
You hear a shout! x3; You hear a bellow! x2; You hear a shout! x2
Something unseen opens the door.
An ogre comes into view. It is wielding a +0 giant club.
The ogre barely misses you.
There is an open door here.
The ogre misses you.
Blink to where?
Press: ? - help, Dir - move target
As you read the scroll of blinking, it crumbles to dust.
The yak bellows! x3
Casting: Scorch (safe; 1% risk of failure)
Confirm with . or Enter, or press ? or * to list all spells.
Flames lash the ogre.
The ogre is heavily wounded.
The ogre's fire resistance burns away.
The yak bellows!
Casting: Scorch (safe; 1% risk of failure)
Confirm with . or Enter, or press ? or * to list all spells.
Flames lash the yak but do no damage.
The yak seems to regain its courage.
The two-headed ogre hits you with a +0 giant club!!
* * * LOW HITPOINT WARNING * * *
The two-headed ogre hits you with a +0 giant spiked club!!
You die...

##$..#$##
##...Y.#
####Y##
#..##
#...###
##....##
###.Y.######
###.OO...+
#@.#...+
####...#
#####


You could see a two-headed ogre (poisoned, slow), 3 yaks and an ogre
(combustible).

Vanquished Creatures
  A wyvern (D:4)
  A steam dragon (D:6)
  A water moccasin (D:3)
  An ice beast (D:7)
  A necrophage (D:6)
  A centaur (D:5)
  An elf zombie (Ossuary)
  2 phantoms
  2 scorpions
  3 howler monkeys
  2 centaur zombies (Ossuary)
  A human zombie (Ossuary)
  A hound (D:4)
  2 orc priests (D:6)
  A bullfrog skeleton (D:6)
  2 iguanas
  2 orc wizards (D:8)
  2 mummies (Ossuary)
  A howler monkey skeleton (D:7)
  7 gnolls
  4 adders
  3 shadow imps
  A white imp (D:6)
  2 ufetubi
  2 dart slugs
  17 orcs
  4 bats
  4 endoplasms
  5 giant cockroaches
  2 hobgoblins
  5 jackals
  5 kobolds
  4 quokkas
  7 ball pythons
  A frilled lizard (D:1)
  5 goblins
  2 goblin zombies (Ossuary)
  7 hobgoblin zombies (Ossuary)
  A jackal skeleton (D:4)
  2 jackal zombies (Ossuary)
  15 kobold zombies (Ossuary)
  5 orc zombies (Ossuary)
  4 rats
  3 rat zombies
145 creatures vanquished.

Vanquished Creatures (collateral kills)
  A komodo dragon (D:6)
  A water moccasin (D:7)
  An ice beast (D:7)
  A necrophage (D:7)
  An ogre (D:5)
  A bullfrog (D:8)
  4 wights (D:8)
  A howler monkey (D:7)
  A bullfrog zombie (D:5)
  A jelly (D:6)
  A hound (D:6)
  An adder (D:5)
  3 orcs
  A quokka zombie (D:8)
19 creatures vanquished.

Vanquished Creatures (others)
  A battlemage (D:9)
  2 ancestors
  263 foxfires
  3 fungi (D:9)
  10 plants (D:2)
279 creatures vanquished.

Grand Total: 443 creatures vanquished

Notes
Turn   | Place    | Note
-------+----------+-------------------------------------------
     0 | D:1      | croobank the Draconian Fire Elementalist began the quest
                  | for the Orb.
     0 | D:1      | Reached XP level 1. HP: 14/14 MP: 3/3
   364 | D:1      | Reached XP level 2. HP: 16/20 MP: 3/5
  1288 | D:1      | Found a faded altar of an unknown god.
  1450 | D:2      | Learned a level 2 spell: Scorch
  1666 | D:2      | Reached XP level 3. HP: 26/26 MP: 4/6
  2124 | D:2      | Reached XP level 4. HP: 28/33 MP: 2/7
  3004 | D:2      | Noticed a phantom
  3012 | D:2      | Killed a phantom
  3013 | D:2      | Reached XP level 5. HP: 38/38 MP: 4/9
  3734 | D:3      | Noticed a water moccasin
  3741 | D:3      | Killed a water moccasin
  3742 | D:3      | Reached skill level 4 in Fire Magic
  3742 | D:3      | Reached XP level 6. HP: 37/45 MP: 0/10
  3913 | D:3      | Identified the +0 leather armour "Qinier" {-Tele Harm
                  | rPois}
  4018 | D:3      | Found a sparkling altar of Nemelex Xobeh.
  4211 | D:3      | You fall into a shaft and drop 1 floor!
  4211 | D:4      | Found a glowing silver altar of Zin.
  4211 | D:4      | Found a bloodstained altar of Trog.
  4211 | D:4      | Found a hazy altar of Hepliaklqana.
  4211 | D:4      | Found an iron altar of Okawaru.
  4216 | D:4      | Became a worshipper of Hepliaklqana the Forgotten
  4274 | D:4      | Learned a level 4 spell: Flame Wave
  4311 | D:4      | Learned a level 3 spell: Frozen Ramparts
  4987 | D:4      | Reached * piety under Hepliaklqana
  5204 | D:5      | Entered Level 5 of the Dungeon
  5204 | D:5      | Noticed a wyvern
  5222 | D:4      | Killed a wyvern
  5223 | D:4      | Your scales start taking on a glossy black colour.
  5223 | D:4      | Reached XP level 7. HP: 24/45 MP: 9/12
  5223 | D:4      | Gained mutation: You are resistant to electric shocks.
                  | (rElec) [Black Draconian growth]
  6585 | D:6      | Reached skill level 5 in Fire Magic
  6802 | D:6      | Reached skill level 1 in Maces & Flails
  6837 | D:6      | Found a staircase to the Ecumenical Temple.
  6855 | D:6      | Reached XP level 8. HP: 41/51 MP: 14/14
  6938 | D:6      | Reached ** piety under Hepliaklqana
  6939 | D:6      | Remembered your ancestor Samuel Francis as a battlemage
  6999 | D:6      | Noticed a komodo dragon
  7006 | D:6      | Killed a komodo dragon
  7583 | D:7      | Reached skill level 5 in Stealth
  7811 | D:7      | Reached skill level 5 in Conjurations
  7811 | D:7      | Reached XP level 9. HP: 55/55 MP: 16/16
  7847 | D:7      | Reached skill level 5 in Spellcasting
  7849 | D:7      | Reached skill level 6 in Fire Magic
  7928 | D:7      | Found a broken altar of Ashenzari.
  8409 | D:8      | Reached skill level 5 in Dodging
  8480 | D:8      | Reached *** piety under Hepliaklqana
  8551 | D:8      | Found a sand-covered staircase.
  8560 | Ossuary  | Entered an ossuary
  9526 | D:8      | Found a shimmering blue altar of Sif Muna.
  9526 | D:8      | Found a glowing golden altar of the Shining One.
  9526 | D:8      | Found a snail-covered altar of Cheibriados.
  9625 | D:8      | Identified the +7 spear "Paesa" {vorpal, rF+ Dex+3}
  9717 | D:8      | Found a shimmering altar of Xom.
  9858 | D:9      | Noticed a two-headed ogre
  9899 | D:9      | Mangled by a two-headed ogre

Illustrated notes

Levels and vault maps discovered:
D:1:      minmay_arrival_solitary_statue, layout_basic,
          shapermc_ecumenical_altar_mp_vishouse
D:2:      layout_loops_corners, minmay_splitting_lines,
          chequers_serial_rivers_small_a, nicolae_grassy_gnolls
D:3:      layout_basic, nemelex_dance_club_becter
D:4:      layout_loops_ring, chequers_temple_overflow_statue_of_worship
D:5:      layout_loops_ring, grunt_ministairs_14
D:6:      layout_loops_cross, minmay_temple_entry_mini_moons
D:7:      layout_basic, evilmike_ruin_ashenzari
D:8:      layout_loops_ring, lemuel_coloured_pillars_altar,
          gammafunk_temple_overflow_forgotten, enter_ossuary_4
D:9:      kennysheep_seaside_town, layout_loops_ring

Skill      XL: |  1  2  3  4  5  6  7  8  9 |
---------------+----------------------------+-----
Stealth        | 2 3 4 5 |  5.6
Dodging        | 2 3 4 5 |  5.1
Conjurations   | 2 3 4 5 |  5.4
Spellcasting   | 3 4 5 |  5.3
Fire Magic     | 4 5 6 |  6.2
Maces & Flails | 1 3 |  3.7

Action                   |  1- 3 |  4- 6 |  7- 9 || total
-------------------------+-------+-------+-------++-------
Melee: Unarmed           |     4 |       |       ||     4
       Short sword       |    42 |    19 |       ||    61
       Tailslap          |     3 |     1 |    21 ||    25
       Trident           |       |     1 |       ||     1
       Morningstar       |       |    13 |    98 ||   111
       Punch             |       |       |     1 ||     1
Throw: Dart              |       |       |     1 ||     1
 Cast: Foxfire           |    35 |    39 |    87 ||   161
       Scorch            |     7 |    27 |    64 ||    98
Invok: Ancestor Identity |       |     1 |       ||     1
       Ancestor Life: Ba |       |       |     1 ||     1
 Abil: Breathe Lightning |       |       |     3 ||     3
  Use: Scroll            |       |     5 |    14 ||    19
 Stab: Sleeping          |     1 |     1 |     2 ||     4
Armor: Skin              |    13 |     7 |    47 ||    67
Dodge: Dodged            |    30 |    33 |    77 ||   140

Table legend: (Time is in decaauts)
 A = Elapsed time spent in this place.
 B = Non-inter-level travel time spent in this place.
 C = Inter-level travel time spent in this place.
 D = Time resting spent in this place.
 E = Time spent auto-exploring this place.
 F = Levels seen in this place.
 G = Mean time per level.
                   A        B        C        D        E       F      G
               +--------+--------+--------+--------+--------+-----+--------+
         Total |   9944 |   9786 |    158 |    840 |   7232 |  10 |  994.4 |
       Dungeon |   9392 |   9234 |    158 |    612 |   7175 |   9 | 1043.6 |
       Ossuary |    551 |    551 |      0 |    228 |     57 |   1 |  551.0 |
               +--------+--------+--------+--------+--------+-----+--------+

Top non-repeatable levels by time:
     D:2: 1732 daAuts
     D:1: 1669 daAuts
     D:6: 1134 daAuts
     D:4: 1080 daAuts
     D:5: 1036 daAuts
     D:7: 946 daAuts
     D:8: 859 daAuts
     D:3: 815 daAuts
 Ossuary: 551 daAuts
     D:9: 118 daAuts
